Map: Baie du Roi EC

Players

Commander

  • Race: Protoss Protoss
  • League: Diamond
  • Spawn Location: 5:00

Sorandom - Winner!

  • Race: Zerg Zerg
  • League: Diamond
  • Spawn Location: 11:00

VOD

Have the link to the VOD?

Description

Time

  • Played on: April 9, 2019, 7:37 p.m.
  • Length: 12:18
Show
View Real Time Build Order
Export as new Build Order

Commander Protoss 

Build Orders: 1 Gate Expand, Oracle Opening, Phoenix Opening, Chargelot Immortal 

Get SALT Encoding   

  12  0:01  Probe  
  13  0:13  Probe  
  14  0:23  Pylon  
  14  0:27  Probe  
  15  0:38  Probe  
  16  0:45  Gateway  
  16  0:46  Probe  
  16  0:52  Assimilator  
  16  0:56  Probe  
  18  1:07  Pylon  
  18  1:08  Probe  
  19  1:33  Nexus  
  19  1:38  Cybernetics Core  
  19  1:39  Zealot  
  19  1:53  Probe, Assimilator  
  22  2:01  Pylon  
  22  2:14  Gateway  
  22  2:16  Shield Battery  
  23  2:22  Probe  
  23  2:49  Adept  
  25  2:54  Probe x2  
  25  2:55  Stargate  
  25  2:58  Warp Gate  
  27  3:04  Adept  
  29  3:09  Probe  
  29  3:10  Probe  
  31  3:22  Probe x2  
  33  3:30  Phoenix  
  33  3:34  Probe x2  
  35  3:35  Pylon  
  37  3:46  Probe x2  
  39  3:53  Oracle  
  39  3:58  Probe x2  
  44  4:10  Probe x2  
  44  4:16  Twilight Council  
  46  4:22  Probe x2  
  48  4:24  Assimilator  
  48  4:28  Assimilator  
  48  4:29  Pylon  
  48  4:34  Robotics Facility  
  48  4:35  Probe x2  
  50  4:45  Resonating Glaives  
  50  4:57  Probe x2  
  52  5:11  Pylon  
  52  5:14  Pylon  
  52  5:20  Warp Prism  
  54  5:34  Probe x2  
  56  5:39  Gateway  
  56  5:42  Gateway  
  56  5:44  Gateway  
  56  5:47  Adept  
  56  5:48  Adept, Gateway  
  60  5:52  Gateway  
  60  5:53  Probe x2  
  60  5:54  Gateway  
  60  5:57  Immortal  
  66  6:09  Pylon  
  66  6:12  Pylon  
  66  6:18  Pylon  
  66  6:20  Probe x2  
  68  6:25  Charge  
  68  6:29  Forge  
  68  6:34  Templar Archives  
  68  6:47  Adept  
  68  6:48  Adept x5  
  80  6:56  Adept x2  
  72  7:34  Psionic Storm  
  64  7:48  Probe x2  
  64  7:49  Immortal  
  70  7:56  Protoss Ground Weapons Level 1  
  70  8:00  Nexus  
  70  8:03  Pylon  
  70  8:04  Pylon  
  70  8:06  Pylon  
  70  8:07  Adept x3  
  70  8:08  High Templar x3  
  70  8:09  High Templar x2  
  70  8:11  Pylon  
  86  8:18  Gateway  
  86  8:19  Gateway  
  86  8:28  Immortal, Zealot x2  
  86  8:29  Zealot  
  71  8:46  Zealot x2  
  71  8:47  Zealot x3  
  73  8:49  Zealot  
  47  9:10  Stalker x4  
  55  9:21  Zealot x3  
  55  9:22  Zealot  
  63  9:28  Probe  
  63  9:29  Probe  
  63  9:30  Probe  
  66  9:39  Pylon  
  66  9:50  High Templar x5  
  76  9:56  Immortal  
  80  10:09  Gateway  
  72  10:18  Zealot x4  
  60  10:40  Nexus, High Templar  
  62  10:43  Pylon  
  62  11:00  High Templar  
  62  11:02  Zealot x4  
  62  11:03  Zealot  
  74  11:13  High Templar  
  74  11:15  Zealot x2  
  78  11:26  Zealot  
  78  11:27  Zealot x2  
  78  11:29  High Templar  
  56  12:00  Zealot x2  
  56  12:01  Zealot x5  
  50  12:02  Zealot  
Show
View Real Time Build Order
Export as new Build Order

Sorandom Zerg - Winner!

Build Orders: Pool First 

Get SALT Encoding   

  12  0:15  Drone  
  12  0:16  Drone  
  12  0:18  Overlord  
  14  0:31  Extractor  
  14  0:33  Drone  
  14  0:42  Spawning Pool  
  14  0:47  Drone  
  15  0:53  Drone  
  16  1:03  Drone  
  17  1:27  Hatchery  
  17  1:29  Zergling x2  
  17  1:30  Zergling x2  
  18  1:41  Drone  
  18  1:42  Extractor  
  18  1:46  Drone  
  19  1:52  Drone  
  20  1:55  Queen  
  22  2:16  Hatchery  
  22  2:18  Drone  
  22  2:22  Overlord  
  22  2:44  Drone x3  
  25  2:51  Drone x2  
  25  2:56  Queen  
  29  3:02  Drone x2  
  31  3:08  Drone  
  32  3:15  Drone  
  33  3:20  Drone  
  33  3:22  Drone  
  33  3:26  Overlord x2  
  35  3:31  Lair  
  35  3:35  Drone  
  35  3:36  Drone  
  35  3:41  Queen  
  37  3:46  Drone x2  
  41  3:49  Drone  
  41  3:51  Drone  
  41  3:52  Drone  
  44  3:56  Drone  
  44  4:00  Drone  
  46  4:04  Extractor  
  46  4:06  Extractor  
  46  4:07  Roach Warren  
  46  4:08  Drone  
  46  4:09  Extractor  
  43  4:10  Drone  
  43  4:14  Drone x2  
  43  4:16  Drone  
  47  4:24  Overlord  
  47  4:28  Drone  
  48  4:34  Drone x4  
  48  4:35  Evolution Chamber  
  48  4:36  Evolution Chamber, Zergling x2  
  51  4:40  Queen  
  53  4:52  Drone  
  54  4:53  Drone x6  
  54  4:59  Hydralisk Den, Spore Crawler  
  58  5:01  Spore Crawler  
  58  5:03  Spore Crawler  
  56  5:08  Roach x3  
  62  5:17  Overlord  
  62  5:23  Queen  
  62  5:28  Zerg Missile Weapons Level 1  
  64  5:29  Hydralisk  
  66  5:36  Overlord x2  
  66  5:40  Drone  
  66  5:41  Drone x7  
  74  5:48  Spine Crawler, Overlord x2  
  73  5:54  Hydralisk x2  
  73  5:55  Hydralisk  
  79  6:01  Hydralisk  
  79  6:02  Overlord  
  81  6:05  Hydralisk  
  83  6:12  Overseer  
  83  6:27  Hydralisk x2  
  83  6:30  Extractor  
  83  6:32  Extractor, Hydralisk  
  87  6:35  Drone  
  87  6:36  Drone x3  
  91  6:42  Zergling x18  
  91  6:44  Grooved Spines  
  100  6:47  Hydralisk  
  100  6:53  Hydralisk x2  
  106  6:59  Hydralisk  
  99  7:12  Hydralisk x2  
  100  7:16  Hydralisk  
  100  7:22  Hydralisk  
  99  7:23  Drone  
  99  7:24  Drone x6  
  101  7:31  Drone  
  101  7:32  Drone x4  
  101  7:34  Drone x2  
  101  7:35  Drone  
  104  7:43  Drone x3  
  106  7:48  Hatchery, Drone  
  106  7:51  Drone x2  
  108  7:59  Drone  
  109  8:07  Muscular Augments, Zerg Missile Weapons Level 2  
  109  8:09  Zerg Ground Armor Level 1  
  109  8:10  Drone x5  
  114  8:14  Overlord  
  114  8:15  Overlord  
  114  8:22  Overlord  
  114  8:23  Overlord  
  114  8:33  Hydralisk x5  
  114  8:45  Hydralisk  
  114  8:46  Hydralisk  
  110  8:50  Hydralisk  
  107  8:56  Drone  
  107  8:57  Hydralisk x2  
  104  9:06  Hydralisk  
  102  9:10  Hydralisk  
  100  9:20  Hydralisk x2  
  104  9:33  Drone  
  104  9:34  Drone x15  
  120  9:43  Hydralisk x2  
  124  9:47  Overlord  
  124  9:48  Roach  
  126  9:54  Roach x2  
  126  9:55  Drone  
  126  9:58  Extractor  
  126  9:59  Extractor  
  129  10:05  Hydralisk x7  
  143  10:10  Hydralisk x3  
  143  10:11  Hatchery  
  146  10:16  Hydralisk x2  
  146  10:32  Hydralisk x4  
  146  10:33  Hydralisk  
  128  10:39  Roach x2  
  132  10:44  Spore Crawler, Drone x3  
  132  10:45  Drone  
  132  10:48  Hydralisk x5  
  145  10:54  Roach x2  
  149  11:02  Hydralisk  
  151  11:10  Overlord x6  
  151  11:28  Hydralisk x14  
  151  11:32  Drone  
Tags
 
Add a new tag
Caveats
  • Supply blocks, unpowered buildings, or Contaminate may cause inaccurate times.
  • Supply counts are checked every 10 seconds.